Map: Submarine LE

Players

Trap

  • Race: Protoss Protoss
  • Spawn Location: 5:00

Serral - Winner!

  • Race: Zerg Zerg
  • Spawn Location: 11:00

Event: DreamHack SC2 Masters 2020 Summer Season Finals

VOD

Have the link to the VOD?

Description

Time

  • Played on: July 19, 2020, 12:55 p.m.
  • Length: 11:00

All games in this series

Show
View Real Time Build Order
Export as new Build Order

Trap Protoss 

Build Orders: Archon Immortal, Dark Templar Rush 

Get SALT Encoding   

  12  0:00  Probe  
  13  0:13  Pylon  
  13  0:14  Probe  
  14  0:22  Probe  
  15  0:32  Probe  
  16  0:41  Gateway  
  16  0:44  Probe  
  16  0:49  Assimilator  
  17  0:56  Probe  
  18  1:04  Pylon  
  18  1:08  Probe  
  19  1:16  Pylon  
  19  1:19  Zealot  
  19  1:21  Probe  
  20  1:28  Cybernetics Core  
  22  1:33  Probe  
  22  1:36  Pylon  
  23  1:43  Zealot  
  23  1:46  Probe  
  26  1:58  Probe  
  27  2:02  Adept  
  27  2:05  Warp Gate  
  27  2:10  Probe  
  28  2:22  Probe  
  29  2:32  Adept  
  31  2:39  Nexus  
  31  2:42  Probe  
  32  2:47  Assimilator  
  32  2:54  Probe  
  33  3:01  Twilight Council  
  33  3:05  Adept  
  35  3:07  Probe  
  36  3:14  Pylon  
  36  3:19  Probe  
  37  3:28  Probe  
  37  3:32  Robotics Facility  
  38  3:36  Probe  
  39  3:45  Probe  
  39  3:48  Probe  
  39  3:55  Dark Shrine  
  41  3:57  Probe  
  41  3:58  Probe  
  41  4:00  Zealot  
  45  4:08  Gateway  
  45  4:10  Probe  
  45  4:13  Probe  
  45  4:16  Warp Prism  
  47  4:18  Gateway  
  47  4:28  Probe  
  48  4:31  Probe  
  45  4:40  Probe  
  45  4:41  Assimilator  
  45  4:43  Probe  
  45  4:44  Assimilator  
  47  4:46  Adept  
  50  4:52  Probe  
  50  4:55  Probe  
  50  4:59  Pylon  
  51  5:01  Observer  
  51  5:04  Probe  
  53  5:07  Probe  
  54  5:15  Dark Templar  
  54  5:16  Dark Templar x2  
  54  5:18  Pylon  
  54  5:19  Probe  
  54  5:20  Probe  
  60  5:30  Immortal  
  60  5:34  Pylon  
  58  5:35  Probe  
  58  5:36  Probe  
  64  5:48  Nexus  
  64  5:52  Sentry  
  64  5:53  Sentry  
  68  6:03  Immortal, Probe x2  
  70  6:06  Stalker  
  75  6:12  Pylon  
  75  6:14  Charge  
  75  6:28  Gateway  
  75  6:29  Gateway, Archon  
  75  6:30  Gateway  
  75  6:32  Dark Templar  
  77  6:34  Sentry  
  77  6:35  Nexus  
  77  6:37  Sentry, Immortal, Archon  
  81  6:42  Pylon  
  85  6:57  Probe  
  85  7:00  Pylon, Probe  
  87  7:01  Zealot  
  87  7:03  Zealot  
  87  7:04  Pylon  
  91  7:11  Forge  
  91  7:13  Probe x2  
  93  7:19  Zealot  
  94  7:26  Zealot x4  
  100  7:30  Zealot  
  92  7:49  Probe x2  
  92  7:51  Immortal  
  76  8:03  Probe x3  
  77  8:11  Dark Templar x4  
  85  8:15  Archon x2  
  85  8:16  Sentry x2  
  89  8:20  Probe x2  
  89  8:21  Probe  
  92  8:29  Gateway  
  92  8:30  Gateway  
  86  8:41  Immortal, Zealot x2  
  86  8:44  Zealot x4  
  96  8:56  Shield Battery  
  96  8:58  Shield Battery  
  94  9:05  Sentry x3, Zealot x2  
  96  9:17  Gateway  
  90  9:19  Immortal  
  90  9:20  Gateway  
  91  9:25  Dark Templar  
  91  9:26  Zealot x2  
  94  9:34  Zealot  
  98  9:42  Sentry, Zealot  
  98  9:45  Assimilator  
  100  9:46  Assimilator  
  96  9:55  Zealot x3  
  102  10:04  Zealot x2  
  102  10:11  Zealot x2  
  97  10:24  Zealot  
  97  10:25  Zealot x5  
  99  10:34  Probe x3  
  59  10:51  Sentry x4  
  59  10:52  Zealot x4  
Show
View Real Time Build Order
Export as new Build Order

Serral Zerg - Winner!

Build Orders: Pool First, Swarm Host 

Get SALT Encoding   

  12  0:17  Spawning Pool  
  11  0:21  Drone  
  11  0:26  Drone  
  13  0:30  Drone  
  14  0:40  Overlord  
  14  1:04  Queen, Zergling x4  
  14  1:05  Zergling x2  
  19  1:15  Zergling x2  
  20  1:30  Hatchery  
  19  1:36  Zergling x2  
  20  1:42  Drone  
  21  1:47  Overlord  
  21  2:00  Drone  
  22  2:06  Extractor  
  21  2:12  Drone x2  
  21  2:14  Drone x2  
  24  2:18  Queen  
  26  2:23  Drone  
  27  2:35  Drone  
  28  2:42  Queen  
  30  2:44  Overlord  
  30  2:47  Drone  
  31  2:51  Drone  
  31  2:54  Drone  
  33  2:59  Drone  
  34  3:06  Metabolic Boost  
  34  3:10  Zergling x4  
  34  3:12  Drone  
  37  3:17  Overlord  
  37  3:20  Drone  
  37  3:22  Drone  
  37  3:26  Drone  
  40  3:33  Drone x2  
  42  3:34  Drone  
  43  3:48  Zergling x2  
  43  3:49  Drone  
  43  3:51  Drone  
  43  3:52  Drone  
  43  3:53  Hatchery  
  43  3:54  Drone  
  47  3:58  Drone x2  
  47  4:01  Zergling x2  
  50  4:03  Zergling x2  
  51  4:12  Overlord  
  51  4:24  Roach Warren  
  49  4:27  Zergling x2  
  49  4:28  Zergling x6  
  49  4:29  Drone x2  
  50  4:36  Drone x3  
  50  4:38  Extractor, Zergling x4  
  51  4:43  Lair  
  51  4:44  Queen  
  53  4:47  Drone x2  
  53  4:52  Extractor  
  54  4:54  Drone  
  54  4:55  Drone, Overlord  
  54  4:57  Spore Crawler  
  54  4:59  Overlord  
  55  5:03  Roach x2  
  59  5:09  Roach x2  
  63  5:15  Spore Crawler  
  63  5:16  Roach  
  63  5:17  Spore Crawler  
  63  5:20  Overlord  
  63  5:21  Roach  
  63  5:25  Overlord  
  63  5:27  Roach  
  64  5:34  Drone  
  64  5:35  Drone x3  
  68  5:37  Drone x2  
  70  5:44  Overlord  
  70  5:45  Overseer  
  70  5:48  Drone x2  
  70  5:49  Drone  
  73  5:54  Drone  
  73  5:55  Overlord  
  74  5:58  Overlord  
  74  6:00  Drone  
  74  6:02  Overseer  
  75  6:05  Overlord  
  75  6:08  Drone x2  
  75  6:11  Extractor  
  76  6:12  Evolution Chamber  
  76  6:15  Glial Reconstitution  
  75  6:20  Drone x3  
  75  6:21  Drone  
  75  6:23  Drone  
  78  6:29  Overlord  
  78  6:30  Roach x2  
  82  6:36  Drone  
  82  6:37  Drone  
  82  6:38  Zerg Missile Weapons Level 1  
  82  6:39  Roach  
  86  6:44  Roach x2  
  86  6:45  Roach  
  92  6:50  Overlord  
  92  6:52  Roach x2  
  96  6:57  Overlord  
  96  6:58  Roach x2  
  96  7:00  Roach  
  101  7:02  Ravager x3  
  101  7:04  Overlord  
  104  7:09  Roach, Ravager  
  104  7:10  Roach, Zergling x2  
  104  7:15  Roach x2, Zergling x2  
  115  7:20  Roach x2  
  115  7:21  Roach  
  121  7:34  Roach x5  
  130  7:43  Roach  
  130  7:44  Roach, Zergling x16  
  126  7:58  Roach x5  
  122  8:06  Extractor  
  122  8:07  Drone x5  
  122  8:08  Drone x2  
  126  8:12  Infestation Pit  
  126  8:13  Drone x2  
  126  8:18  Overseer  
  126  8:19  Roach  
  129  8:21  Ravager  
  129  8:22  Ravager  
  129  8:24  Extractor  
  129  8:25  Roach, Zergling x2  
  133  8:30  Overlord  
  133  8:34  Zerg Missile Weapons Level 2  
  127  8:49  Drone x2  
  127  8:51  Zergling x14  
  122  9:11  Swarm Host  
  122  9:12  Swarm Host x7  
  122  9:14  Hatchery  
  145  9:18  Swarm Host  
  145  9:24  Swarm Host  
  145  9:28  Swarm Host  
  151  9:31  Swarm Host  
  158  9:38  Roach x2, Zergling x8  
  158  9:43  Overlord  
  158  9:44  Overlord x2  
  158  9:47  Roach x3  
  158  9:51  Overlord  
  161  9:54  Roach  
  161  9:56  Overlord x2  
  162  10:03  Zergling x18  
  162  10:04  Ravager  
  162  10:06  Ravager  
  173  10:10  Roach x2, Zergling x2  
  169  10:21  Roach x2, Zergling x2  
  156  10:30  Roach x3, Zergling x6  
  156  10:31  Roach x2  
  156  10:33  Overseer  
Tags
 
Add a new tag
Caveats
  • Supply blocks, unpowered buildings, or Contaminate may cause inaccurate times.
  • Supply counts are checked every 10 seconds.